 Dungeon Crawl Stone Soup version 0.23-a0-4-g8f018a2 (webtiles) character file.

164 Kuinu the Firebug (level 5, -4/38 HPs)
             Began as a Draconian Fire Elementalist on Aug 1, 2018.
             Slain by Sigmund
             ... wielding a +0 scythe of slicing
              (13 damage)
             ... on level 3 of the Dungeon.
             The game lasted 00:06:07 (1923 turns).

Kuinu the Firebug (Draconian Fire Elementalist)     Turns: 1923, Time: 00:06:08

Health: -4/38      AC:  6    Str: 11    XL:     5   Next: 21%
Magic:  4/9        EV: 12    Int: 16    God:
Gold:   167        SH:  0    Dex: 11    Spells: 5/9 levels left

rFire    . . .     SeeInvis .   l - +2 dagger (elec)
rCold    . . .     Gourm    .   (no shield)
rNeg     . . .     Faith    .   (armour unavailable)
rPois    .         Spirit   .   (helmet restricted)
rElec    .         Reflect  .   (no cloak)
rCorr    .         Harm     .   k - +0 pair of gloves
MR       .....                  (no boots)
Stlth    ++........             (no amulet)
HPRegen  0.12/turn              h - ring of wizardry
MPRegen  0.11/turn              c - ring of flight

@: about to teleport
A: unfitting armour, cold-blooded, AC +5
a: Evoke Flight


You were on level 3 of the Dungeon.
You were not hungry.

You visited 1 branch of the dungeon, and saw 3 of its levels.

You collected 167 gold pieces.

Inventory:

Hand Weapons
 d - a +0 short sword
 f - a +0 dagger
 i - a +0 spear
 l - a +2 dagger of electrocution (weapon)
Armour
 k - a +0 pair of gloves (worn)
Jewellery
 c - a ring of flight (right hand)
 h - a ring of wizardry (left hand)
Scrolls
 a - a scroll of enchant armour {unknown}
 m - a scroll of fear
 n - a scroll of blinking {unknown}
 q - a scroll of magic mapping {unknown}
Potions
 e - a potion of ambrosia
 g - 4 potions of curing
 p - a potion of might {unknown}
Comestibles
 b - 5 rations
 o - 5 chunks of flesh


   Skills:
 - Level 1.7 Dodging
 - Level 1.7 Stealth
 + Level 2.8 Spellcasting
 * Level 3.2 Conjurations
 * Level 4.4 Fire Magic


You had 5 spell levels left.
You knew the following spells:

 Your Spells              Type           Power        Failure   Level  Hunger
a - Flame Tongue          Conj/Fire      ##...        1%          1    #......
b - Conjure Flame         Conj/Fire      ##......     4%          3    ###....

Your spell library contained the following spells:

 Spells                   Type           Power        Failure   Level  Hunger
 Fireball                 Conj/Fire      ##........   38%         5    ######.
 Confuse                  Hex            #.......     22%         3    ###....
 Throw Flame              Conj/Fire      ##....       2%          2    ##.....
 Sticky Flame             Conj/Fire      ##......     16%         4    #####..
 Confusing Touch          Hex            #.....       8%          1    #......
 Metabolic Englaciation   Hex/Ice        #.........   88%         5    ######.
 Petrify                  Tmut/Erth      #.......     56%         4    #####..
 Inner Flame              Hex/Fire       #.......     10%         3    ###....
 Gell's Gravitas          Tloc           #.........   22%         3    ###....
 Yara's Violent Unravell  Hex/Tmut       #.........   88%         5    ######.


Dungeon Overview and Level Annotations

Branches:
Dungeon (3/15)

Altars:
Dithmenos
Xom
Zin

Annotations:
D:3 Sigmund


Innate Abilities, Weirdness & Mutations

Your plain brown scales are hard. (AC +5)
You cannot fit into any form of body armour.
You are cold-blooded and may be slowed by cold attacks.


Message History

Press: ? - help, Shift-Dir - straight line, f/p - Sigmund
Aim: Sigmund, wielding a scythe of slicing and wearing a robe (lightly wounded, slightly transparent, haloed)
The flame tongue hits Sigmund.
Sigmund is moderately wounded.
Casting: Flame Tongue (safe; 1% risk of failure)
Confirm with . or Enter, or press ? or * to list all spells.
Aiming: Flame Tongue (safe; 1% risk of failure)
Press: ? - help, Shift-Dir - straight line, f/p - Sigmund
Aim: Sigmund, wielding a scythe of slicing and wearing a robe (moderately wounded, slightly transparent, haloed)
The flame tongue hits Sigmund.
Sigmund is heavily wounded.
Sigmund hits you from afar with a scythe of slicing!
* * * LOW HITPOINT WARNING * * *
x2 The angel lectures the ground at length about preserving your bodily integrity.
Sigmund closely misses you.
As you read the scroll labeled KAQUIR IMATIRPH, it crumbles to dust.
You feel strangely unstable.
It was a scroll of teleportation.
The angel rambles incoherently.
Something hits you!
You die...

##.#.# .....# #.##......
...#.###........# #
...#.##.........#.#
.....##..#####..#.#
...###...#...#....
........_#...#_.#
#........#A..#..########
#...#...(#####..@.......
#...#...........########
#...#..#.........#
#...#.((.........#
.................#
..........###.####
#.#.....### #.#
..#.....# #.# ......##
#.#


You could see an angel (confused).

Vanquished Creatures
  3 orc wizards (D:3)
  3 adders
  A worm (D:3)
  A dart slug (D:2)
  7 orcs (D:3)
  A ball python (D:2)
  A giant cockroach (D:2)
  5 goblins
  7 hobgoblins
  2 jackals (D:1)
  5 kobolds
  4 bats
  A frilled lizard (D:1)
  4 rats
45 creatures vanquished.

Notes
Turn   | Place    | Note
-------+----------+-------------------------------------------
     0 | D:1      | Kuinu the Draconian Fire Elementalist began the quest for the Orb.
     0 | D:1      | Reached XP level 1. HP: 14/14 MP: 3/3
   362 | D:1      | Reached XP level 2. HP: 20/20 MP: 0/5
  1276 | D:2      | Reached XP level 3. HP: 26/26 MP: 3/6
  1281 | D:2      | Learned a level 3 spell: Conjure Flame
  1558 | D:3      | Reached skill level 4 in Fire Magic
  1558 | D:3      | Reached XP level 4. HP: 22/33 MP: 1/7
  1700 | D:3      | Found a shadowy altar of Dithmenos.
  1770 | D:3      | Reached XP level 5. HP: 33/38 MP: 4/9
  1882 | D:3      | Found a glowing silver altar of Zin.
  1885 | D:3      | Noticed an angel
  1888 | D:3      | Found a shimmering altar of Xom.
  1891 | D:3      | Noticed Sigmund
  1923 | D:3      | Slain by Sigmund

Vault maps used:
D:1:      roderic_crop_circles_arrival_small
D:3:      grunt_temple_overflow_order_and_chaos_1,
          grunt_dithmenos_smoke_and_mirrors, uniq_sigmund

Skill      XL: |  1  2  3  4 |
---------------+-------------+-----
Conjurations   | 2 3 |  3.2
Fire Magic     | 4 |  4.4
Dodging        | |  1.7
Stealth        | |  1.7
Spellcasting   | |  2.8

Action                   |  1- 3 |  4- 6 || total
-------------------------+-------+-------++-------
Melee: Unarmed           |     8 |       ||     8
       Dagger            |    30 |    10 ||    40
       Tailslap          |     3 |     1 ||     4
 Cast: Flame Tongue      |    48 |    20 ||    68
       Conjure Flame     |       |     1 ||     1
  Use: Scroll            |     4 |     2 ||     6
  Eat: Chunk             |     2 |     2 ||     4
Armor: Skin              |    19 |     4 ||    23
Dodge: Dodged            |    22 |    11 ||    33

Table legend:
 A = Spawn XP
 B = Non-spawn XP
 C = Spawn XP percentage of total XP
 D = Spawn monster count
 E = Non-spawn monster count
 F = Spawn count percentage of total count
 G = Total turns spent on level
                    A         B        C        D         E        F      G
               +---------+---------+-------+---------+---------+-------+---------
         Total |       0 |     235 |   0.0 |       0 |      45 |   0.0 |  1923
               +---------+---------+-------+---------+---------+-------+---------
           D:1 |       0 |      15 |   0.0 |       0 |       8 |   0.0 |   809
           D:2 |       0 |      51 |   0.0 |       0 |      16 |   0.0 |   653
           D:3 |       0 |     169 |   0.0 |       0 |      21 |   0.0 |   461
               +---------+---------+-------+---------+---------+-------+---------
